 Dungeon Crawl Stone Soup version 0.31.0-11-ge490571c62 (webtiles) character file.

Game seed: 12033736462987119164

94 jagang the Trooper (level 4, -3/37 HPs)
             Began as a Human Monk on Jan 26, 2024.
             Slain by a goblin
             ... wielding a +0 club
             ... led by Robin
              (5 damage)
             ... on level 3 of the Dungeon.
             The game lasted 00:03:24 (1952 turns).

jagang the Trooper (Human Monk)                     Turns: 1952, Time: 00:03:24

Health: -3/37      AC:  6    Str: 12    XL:     4   Next: 63%
Magic:  4/4        EV: 11    Int: 10    God:
Gold:   139        SH:  0    Dex: 17    Spells: 3/3 levels left

rFire   + . .        q - +2 short sword (venom)
rCold   . . .        d - orb {light}
rNeg    . . .        n - +0 ring mail
rPois   .            (no helmet)
rElec   .            (no cloak)
rCorr   .            k - +0 pair of gloves
SInv    .            (no boots)
Will    .....        (no amulet) Stlth
                     m - ring of protection from fire
HPRegen 0.26/turn    (no ring)
MPRegen 0.09/turn

%: no passive effects
@: confused, ambrosia-drunk, glowing
A: explore regen
a: no special abilities


You were on level 3 of the Dungeon.
You visited 1 branch of the dungeon, and saw 3 of its levels.

You collected 139 gold pieces.

Inventory:

Hand Weapons
 a - a +0 falchion
 q - a +2 short sword of venom (weapon)
Armour
 d - an orb of light (worn)
 k - a +0 pair of gloves (worn)
 n - a +0 ring mail (worn)
Jewellery
 m - a ring of protection from fire (left hand)
 r - an amulet of reflection
Scrolls
 f - a scroll of vulnerability
 h - 2 scrolls of noise
 i - a scroll of teleportation
 j - 2 scrolls of blinking
 l - a scroll of amnesia {unknown}
 p - a scroll of immolation {unknown}
Potions
 b - a potion of degeneration {unknown}
 e - 2 potions of might {unknown}
 g - a potion of cancellation {unknown}
 o - a potion of curing {unknown}


   Skills:
 * Level 4.1 Fighting
 + Level 3.5 Long Blades
 + Level 1.6 Armour
 - Level 3.0 Dodging
 + Level 1.2 Shields


You had 3 spell levels left.
You didn't know any spells.
Your spell library contained the following spells:

 Spells                   Type           Power      Damage    Failure   Level
 Ozocubu's Armour         Ice            0%         N/A       94%         3
 Metabolic Englaciation   Hex/Ice        0%         N/A       100%        5
 Sculpt Simulacrum        Ice/Alch       0%         N/A       100%        6


Dungeon Overview and Level Annotations

Branches:
Dungeon (3/15)

Altars:
Ashenzari
Gozag
Uskayaw
Wu Jian

Shops:
D:2 [

Annotations:
D:3 Grinder, Robin


Innate Abilities, Weirdness & Mutations

You regain HP and MP as you explore.


Message History

Grinder blinks!
Robin throws the goblin at you!
You barely miss the hobgoblin. The hobgoblin barely misses you.
Grinder blinks!
The goblin closely misses you.
You hit the hobgoblin.
You kill the hobgoblin!
Robin looks more healthy.
The goblin hits you with a +0 dagger.
You hit the goblin but do no damage.
The goblin is poisoned.
The goblin hits you but does no damage. The goblin barely misses you.
You barely miss the goblin.
The goblin is severely wounded.
The goblin closely misses you. The goblin hits you with a +0 dagger.
You hit the goblin.
You kill the goblin!
The goblin no longer looks unusually strong.
The goblin hits you with a +0 club. Robin throws the goblin at you!
The hobgoblin hits you.
Robin roars a battlecry!
The goblin goes into a battle-frenzy!
Items here: ) †††.
You hit Robin.
Robin is almost dead.
The hobgoblin hits you.
* * * LOW HITPOINT WARNING * * *
You hit the goblin.
The goblin is moderately wounded.
Robin hits you with a +0 mace.
* * * LOW HITPOINT WARNING * * *
The goblin closely misses you.
You hit Robin but do no damage.
Robin is poisoned.
Robin is almost dead.
The hobgoblin hits you.
* * * LOW HITPOINT WARNING * * *
Grinder blinks!
The goblin hits you but does no damage. Robin hits you with a +0 mace.
* * * LOW HITPOINT WARNING * * *
You are confused.
You feel invigorated. The hobgoblin hits you.
* * * LOW HITPOINT WARNING * * *
The goblin hits you with a +0 club.
You die...

########)# #####.#######.#
#.............#
###.###.###.##### #.......#
#.# # #.#.###.#
#.########.#.#
#.#.#...###.#..........#
.###.#.#.#...§.gg....†......
.........(.#.#.#@####.#...#.
##...........#.#g# .# ....
#.#.#.........#)# .# ... #
#.###########.# .# .. ####.#
#.# .# . ..##.# #.# ##
..##.# #.# ..#..##### #.#
..#......# #.#


You could see Robin (very poisoned), a hobgoblin (strong) and a goblin (strong).

Vanquished Creatures
  3 adders (D:3)
  An orc (D:3)
  2 ball pythons
  A bat (D:3)
  5 endoplasms
  2 giant cockroaches (D:3)
  8 hobgoblins
  4 jackals
  3 quokkas
  4 frilled lizards
  14 goblins
  7 kobolds
  4 rats
58 creatures vanquished.

Notes
Turn   | Place    | Note
-------+----------+-------------------------------------------
     0 | D:1      | jagang the Human Monk began the quest for the Orb.
     0 | D:1      | Reached XP level 1. HP: 18/18 MP: 1/1
     0 | D:1      | Noticed a draconian
     2 | D:1      | Noticed a gargoyle
     2 | D:1      | Noticed a human
     4 | D:1      | Noticed a barachi
     6 | D:1      | Noticed an armataur
     8 | D:1      | Noticed a draconian
    11 | D:1      | Noticed an octopode
    13 | D:1      | Noticed a felid
    15 | D:1      | Noticed a naga
    17 | D:1      | Noticed a formicid
    17 | D:1      | Noticed a merfolk
    19 | D:1      | Noticed a human
    21 | D:1      | Noticed a ghoul
   262 | D:1      | Reached XP level 2. HP: 24/24 MP: 2/2
   546 | D:1      | Reached skill level 1 in Armour
   623 | D:1      | Reached XP level 3. HP: 28/29 MP: 3/3
   823 | D:2      | Found Wanurch's Antique Armour Shoppe.
  1236 | D:2      | Found an opulent altar of Gozag.
  1576 | D:3      | Found a hide-covered altar of Uskayaw.
  1615 | D:3      | Reached skill level 1 in Shields
  1615 | D:3      | Reached XP level 4. HP: 37/37 MP: 4/4
  1650 | D:3      | Found an ornate altar of the Wu Jian Council.
  1653 | D:3      | Found a broken altar of Ashenzari.
  1805 | D:3      | Reached skill level 4 in Fighting
  1913 | D:3      | Noticed Robin
  1929 | D:3      | Noticed Grinder
  1951 | D:3      | HP: 1/37 [Robin/+0 mace (4)]
  1952 | D:3      | Slain by a goblin

Illustrated notes

Levels and vault maps discovered:
D:1:      shiori_arrival_whats_in_store_for_you, layout_loops_ring
D:2:      layout_loops_corners, serial_shops, nicolae_shop_behind_doors,
          basic_altar
D:3:      layout_loops_ring, nicolae_uskayaw_suspiria, nicolae_overflow_squiral,
          kennysheep_generic_room_4, uniq_robin, uniq_grinder, uniq_terence

Skill      XL: |  1  2  3  4 |
---------------+-------------+-----
Armour         | 1 |  1.6
Shields        | 1 |  1.2
Fighting       | 4 |  4.1
Long Blades    | |  3.5
Dodging        | |  3.0

Action                     |  1- 3 |  4- 6 || total
---------------------------+-------+-------++-------
  Melee: Falchion          |    85 |    32 ||   117
         Short sword       |       |    33 ||    33
    Use: Scroll            |     3 |     1 ||     4
         Potion            |       |     1 ||     1
 Armour: Robe              |    26 |       ||    26
         Ring mail         |    12 |    65 ||    77
  Dodge: Dodged            |    53 |    36 ||    89
